AoeStats
← Groove7731

Arena

510150820Analyzed
1v1 RM · 3d ago on Sep 29, 2026· 48m 30s· 2 players
Game mode
Random Map
Map size
Tiny (2 player)
Population
200
Speed
Normal
Resources
Standard
Victory
Conquest
Starting age
Dark Age
Ending age
Imperial Age
RankedLock teamsTeams togetherTeam positionsShared explorationLock speedFull tech treeHidden civsTurbo modeCheats
Victory
Defeat
🇧🇪 Lithuanians · Belgium
1354
+15
🇺🇸 Dravidians · United States
1340
-15
Groove7731
11:05 Feudal Age
12:14 Double-Bit Axe
14:56 Wheelbarrow
14:45 Fletching
15:42 Loom
15:47 Loom
16:40 Fletching
20:43 Castle Age
19:59 Padded Archer Armor
20:16 Gold Mining
21:36 Bodkin Arrow
21:23 Pikeman
25:13 Hand Cart
26:20 Bow Saw
27:02 Stone Mining
29:16 Horse Collar
30:28 Heavy Plow
30:51 Town Watch
36:22 Imperial Age
34:03 Scale Mail Armor
34:00 Arson
34:37 Forging
34:32 Squires
36:09 Chain Mail Armor
36:09 Leather Archer Armor
36:35 Thumb Ring
36:23 Halberdier
37:36 Plate Mail Armor
37:36 Hand Cart
38:35 Two-Man Saw
38:33 Ballistics
39:14 Chemistry
38:25 Masonry
41:04 Bracer
42:13 Elite Skirmisher
44:06 Hoardings
45:55 Plate Mail Armor
46:27 Iron Casting
47:18 Ring Archer Armor
Steal4Meal
10:04 Feudal Age
13:59 Castle Age
13:38 Double-Bit Axe
17:38 Horse Collar
17:43 Light Cavalry
20:22 Scale Barding Armor
20:32 Forging
22:22 Loom
23:12 Wheelbarrow
22:23 Town Watch
26:23 Hand Cart
26:47 Chain Barding Armor
27:15 Iron Casting
27:16 Bow Saw
27:37 Heavy Plow
27:37 Gold Mining
27:40 Stone Mining
27:41 Gold Mining
27:49 Gold Mining
29:24 Stone Shaft Mining
33:55 Imperial Age
32:08 Fletching
33:07 Bodkin Arrow
35:51 Elite Leitis
36:52 Conscription
38:20 Bracer
38:21 Padded Archer Armor
40:12 Leather Archer Armor
39:20 Elite Skirmisher
40:05 Thumb Ring
41:31 Chemistry
40:51 Ballistics
40:42 Masonry
42:57 Ring Archer Armor
42:27 Murder Holes
45:34 Bloodlines
45:25 Husbandry
44:47 Winged Hussar
48:48 Two-Man Saw
48:21 Crop Rotation
49:22 Plate Barding Armor
Connection lost

Rejoining the realm…

Still unreachable

The connection could not be restored.

Session expired

The server has moved on; the page needs a fresh start.